AoeStats
← kingofmetal

Arabia

509127250Analyzed
1v1 RM · 5d ago on Sep 25, 2026· 60m 3s· 2 players
Game mode
Random Map
Map size
Tiny (2 player)
Population
200
Speed
Normal
Resources
Standard
Victory
Conquest
Starting age
Dark Age
Ending age
Imperial Age
RankedLock teamsTeams togetherTeam positionsShared explorationLock speedFull tech treeHidden civsTurbo modeCheats
Victory
Defeat
🇮🇪 Poles · Ireland
1433
+13
🇭🇰 Poles · Hong Kong SAR China
1376
-13
kingofmetal
4:12 Loom
9:13 Feudal Age
9:45 Double-Bit Axe
9:47 Horse Collar
17:40 Fletching
22:26 Castle Age
20:55 Bloodlines
21:38 Scale Barding Armor
23:13 Forging
22:55 Gold Mining
23:09 Husbandry
23:23 Bow Saw
26:26 Heavy Plow
27:23 Chain Barding Armor
28:13 Wheelbarrow
32:02 Iron Casting
31:29 Town Watch
37:23 Imperial Age
35:13 Hand Cart
36:35 Ballistics
36:08 Pikeman
36:48 Squires
36:34 Arson
37:41 Szlachta Privileges
37:41 Scale Mail Armor
37:37 Bodkin Arrow
37:39 Cavalier
39:06 Hoardings
43:00 Chain Mail Armor
47:33 Chemistry
49:16 Plate Mail Armor
50:15 Light Cavalry
51:57 Blast Furnace
52:25 Crop Rotation
53:46 Conscription
57:32 Lechitic Legacy
59:24 Winged Hussar
Addictiveme
6:15 Loom
9:13 Feudal Age
10:13 Man-at-Arms
17:10 Double-Bit Axe
17:11 Horse Collar
19:36 Castle Age
18:09 Padded Archer Armor
19:11 Gold Mining
19:41 Bloodlines
20:43 Bow Saw
21:47 Scale Barding Armor
27:09 Chain Barding Armor
30:16 Sanctity
30:50 Wheelbarrow
30:21 Husbandry
33:52 Imperial Age
31:57 Forging
33:55 Iron Casting
34:05 Cavalier
36:04 Blast Furnace
36:32 Husbandry
38:21 Fletching
38:52 Capped Ram
41:40 Bodkin Arrow
42:35 Szlachta Privileges
46:55 Scale Mail Armor
47:32 Devotion
51:58 Bracer
52:49 Chain Mail Armor
55:06 Plate Mail Armor
54:38 Squires
57:22 Chemistry
56:34 Masonry
57:03 Hoardings
59:59 Conscription
Connection lost

Rejoining the realm…

Still unreachable

The connection could not be restored.

Session expired

The server has moved on; the page needs a fresh start.